 Dungeon Crawl Stone Soup version 0.24-a0-284-g9fb9971 (webtiles) character file.

Game seed: 16560070515137088470

51 emperorscorpion the Shield-Bearer (level 3, 0/20 HPs)
             Began as a Vine Stalker Fighter on May 4, 2019.
             Succumbed to an adder's poison
             ... on level 2 of the Dungeon.
             The game lasted 00:01:53 (976 turns).

emperorscorpion the Shield-Bearer (VSFi)             Turns: 976, Time: 00:01:54

Health: 0/20       AC:  7    Str: 19    XL:     3   Next: 81%
Magic:  2/4        EV:  7    Int:  8    God:
Gold:   57         SH:  9    Dex: 13    Spells: 2/2 levels left

rFire    . . .     SeeInvis .   a - +1 rapier
rCold    . . .     Gourm    .   c - +0 shield
rNeg     . . .     Faith    .   b - +1 scale mail
rPois    .         Spirit   +   (no helmet)
rElec    .         Reflect  .   (no cloak)
rCorr    .         Harm     .   (no gloves)
MR       .....                  (no boots)
Stlth    ..........             (no amulet)
HPRegen  0.06/turn              (no ring)
MPRegen  0.09/turn              (no ring)

@: lethally poisoned (0 -> -9)
A: fangs 2, magic shield, antimagic bite, no potion heal 3, rot immunity
a: no special abilities


You were on level 2 of the Dungeon.
You were not hungry.

You visited 1 branch of the dungeon, and saw 2 of its levels.

You collected 57 gold pieces.

Inventory:

Hand Weapons
 a - a +1 rapier (weapon)
Armour
 b - a +1 scale mail (worn)
 c - a +0 shield (worn)
Scrolls
 j - a scroll of magic mapping
 m - a scroll of fear
Potions
 d - 2 potions of might
Comestibles
 f - a ration


   Skills:
 + Level 3.0 Fighting
 + Level 2.2 Short Blades
 + Level 2.9 Armour
 + Level 3.2 Shields


You had 2 spell levels left.
You didn't know any spells.
Your spell library was empty.

Dungeon Overview and Level Annotations

Branches:
Dungeon (2/15)

Altars:


Innate Abilities, Weirdness & Mutations

You have extremely sharp teeth.
When hurt, damage is shared between your health and your magic reserves.
Your bite disrupts and absorbs the magic of your enemies.
Potions cannot restore your health.
You are immune to rotting.


Message History

The adder is almost dead.
The adder bites you but does no damage. You block the adder's attack.
The goblin hits you but does no damage. The adder bites you. x2
You are lethally poisoned!
The adder poisons you!
You are too injured to fight recklessly!
You are too injured to fight recklessly!
Okay, then.
* * * LOW HITPOINT WARNING * * *
You feel sick.
* * * LOW HITPOINT WARNING * * *
You feel sick. You block the adder's attack. The adder bites you.
* * * LOW HITPOINT WARNING * * *
You are more poisoned.
The adder poisons you!
* * * LOW HITPOINT WARNING * * *
You feel sick.
There is a stone staircase leading up here.
You die...

.... #.....
#.....######
#......... .
#........# ..
#....#.#.####...
#....>..@....#
#.....S......# ##
#####.JS(.....#.
...##......g<.......#
...............>...>.
...................#.
...................#
...............#.....
.......?....#....#.#.


You could see an ooze, 2 adders and a goblin.

Vanquished Creatures
  An adder (D:2)
  An ooze (D:1)
  3 dart slugs (D:1)
  A leopard gecko (D:1)
  A ball python (D:1)
  3 giant cockroaches (D:1)
  4 goblins (D:1)
  4 hobgoblins (D:1)
  3 bats (D:1)
  A frilled lizard (D:1)
  6 kobolds (D:1)
  2 rats (D:1)
30 creatures vanquished.

Notes
Turn   | Place    | Note
-------+----------+-------------------------------------------
     0 | D:1      | emperorscorpion the Vine Stalker Fighter began the quest
                  | for the Orb.
     0 | D:1      | Reached XP level 1. HP: 11/11 MP: 2/2
   104 | D:1      | Reached XP level 2. HP: 16/16 MP: 3/3
   670 | D:1      | Reached XP level 3. HP: 20/20 MP: 4/4
   974 | D:2      | HP: 1/20 [poisoned by an adder]
   976 | D:2      | Succumbed to an adder's poison

Levels and vault maps discovered:
D:1:      tarquinn_simple_flora_water_d, layout_loops_ring,
          minmay_misc_feat_cross
D:2:      layout_rooms, overflow_temple_1_default, vehumet_crystals

Skill      XL: |  1  2 |
---------------+-------+-----
Short Blades   | 2 |  2.2
Fighting       | 3 |  3.0
Shields        | 3 |  3.2
Armour         | |  2.9

Action                   || total
-------------------------++-------
Melee: Rapier            ||    79
       Bite              ||    21
  Use: Scroll            ||     7
       Potion            ||     1
Armor: Scale mail        ||    23
Dodge: Dodged            ||    22
Block: Shield            ||    43

Table legend:
 A = Non-vault XP
 B = Vault XP
 C = Vault XP percentage of total XP
 D = Non-vault monster count
 E = Vault monster count
 F = Vault count percentage of total count
                 A         B        C        D         E       F
            +---------+---------+-------+---------+---------+-------
      Total |      73 |       0 |   0.0 |      30 |       0 |   0.0
            +---------+---------+-------+---------+---------+-------
        D:1 |      60 |       0 |   0.0 |      29 |       0 |   0.0
        D:2 |      13 |       0 |   0.0 |       1 |       0 |   0.0
            +---------+---------+-------+---------+---------+-------
